 Dungeon Crawl Stone Soup version 0.15.0-13-gb296d5c (webtiles) character file.

252746 Johnny the Severer (level 20, -7/145 HPs)
             Began as a Human Berserker on Sept 3, 2014.
             Was a High Priest of Trog.
             Mangled by a death ooze (20 damage)
             ... created by the royal jelly
             ... on Level 6 of the Pits of Slime.
             The game lasted 05:02:53 (51337 turns).

Johnny the Severer (Human Berserker)               Turns: 51337, Time: 05:02:53

HP  -7/145       AC 10     Str 20      XL: 20   Next: 97%
MP   0/20        EV 24     Int  8      God: Trog [*****.]
Gold 133         SH 22     Dex 27      Spells:  0 memorised, 19 levels left

rFire  + . .     SeeInvis .     V - +9 broad axe (flame)
rCold  + . .     Rnd*Rage +     L - +7 pearl dragon armour
rNeg   + + .     rCorr    +     t - +0 large shield
rPois  +         rRot     .     H - +2 hat of the Bear Spirit {Spirit, +Rage rN+ MR++}
rElec  +         Spirit   +     w - +2 cloak "Qatziuru" {-Cast rElec rPois MR+ Str+1 Dex+3}
SustAb .         Warding  .     v - +2 pair of gloves {Str+3}
rMut   .         Stasis   .     g - +0 pair of boots
Gourm  .         NoCast   +     D - amulet of resist corrosion
MR     +++++                    u - ring "Solab" {+Inv rPois MR+ Stlth-}
                                B - ring "Uvuol" {rF+ rC+}

@: agile, exhausted, corroded equipment, flying, slightly contaminated, slowed,
glowing, studying Throwing, very slow, almost entirely resistant to hostile
enchantments, very unstealthy
A: thin metallic scales 1, berserk 1, blurry vision 2, deformed body, frail 1,
low mp 2, screaming 1, weak 2
a: Burn Spellbooks, Berserk, Trog's Hand, Brothers in Arms, Renounce Religion,
Evoke Berserk Rage, Evoke Invisibility
}: 1/15 runes: decaying


You were on level 6 of the Pits of Slime.
You worshipped Trog.
Trog was extremely pleased with you.
You were very full.

You visited 7 branches of the dungeon, and saw 42 of its levels.
You also visited: Labyrinth, Ice Cave and Volcano.

You collected 5344 gold pieces.
You spent 5211 gold pieces at shops.

Inventory:

Hand weapons
 l - the +5 hand axe "Tiokk" {drain, rF++}
   (You took it off a deep elf demonologist on level 3 of the Elven Halls)

   A truly terrible weapon, it drains the life of those it strikes.
   It greatly protects you from fire.
 m - a +9 broad axe of venom
 C - the +2 war axe of the Depths {venom, rN+ MR+}
   (You found it on level 4 of the Lair of Beasts)

   It poisons the flesh of those it strikes.
   It protects you from negative energy.
   It affects your resistance to hostile enchantments.
 V - a +9 broad axe of flaming (weapon)
Missiles
 h - 9 javelins (quivered)
 s - 3 javelins of penetration
Armour
 g - a +0 pair of boots (worn)
 t - a +0 large shield (worn)
 v - a +2 pair of gloves of strength (worn)
 w - the +2 cloak "Qatziuru" (worn) {-Cast rElec rPois MR+ Str+1 Dex+3}
   (You acquired it on level 3 of the Spider Nest)

   It affects your strength (+1).
   It affects your dexterity (+3).
   It insulates you from electricity.
   It protects you from poison.
   It affects your resistance to hostile enchantments.
   It prevents spellcasting.
 H - the +2 hat of the Bear Spirit (worn) {Spirit, +Rage rN+ MR++}
   (You bought it in a shop on level 3 of the Elven Halls)

   It protects you from negative energy.
   It affects your resistance to hostile enchantments.
   It lets you go berserk.
 L - a +7 pearl dragon armour (worn)
 Y - a +2 helmet of fire resistance
Magical devices
 a - a wand of confusion (13)
 c - a wand of cold (8)
 i - a wand of digging (4)
 k - a wand of hasting (0)
 o - a wand of lightning (3)
 G - a wand of fire (0)
 K - a wand of fireball (4)
 P - a wand of confusion (19)
 T - a wand of fire (8)
 W - a wand of draining (1)
 Z - a wand of teleportation (4)
Comestibles
 J - 8 meat rations
 M - 51 fruits
 R - 9 bread rations
Scrolls
 d - a scroll of remove curse
 f - a scroll of identify
 x - a scroll of vulnerability
 y - a scroll of recharging
 E - a scroll of holy word
 I - 7 scrolls of teleportation
 U - 3 scrolls of blinking
Jewellery
 j - an uncursed amulet of the gourmand
 u - the ring "Solab" (right hand) {+Inv rPois MR+ Stlth-}
   (You found it on level 10 of the Dungeon)

   [ring of loudness]

   It protects you from poison.
   It affects your resistance to hostile enchantments.
   It lets you turn invisible.
   It makes you less stealthy.
 B - the ring "Uvuol" (left hand) {rF+ rC+}
   (You bought it in a shop on level 2 of the Elven Halls)

   [ring of protection from fire]

   It protects you from fire.
   It protects you from cold.
 D - an amulet of resist corrosion (around neck)
 Q - an uncursed ring of protection from magic
 X - an uncursed amulet of warding
Potions
 b - 2 potions of invisibility
 e - 8 potions of restore abilities
 n - 9 potions of curing
 p - a potion of resistance
 q - a potion of haste
 z - a potion of cancellation
 A - a potion of might
 S - 2 potions of brilliance
Books
 F - a manual of Throwing


   Skills:
 + Level 15.3 Fighting
   Level 0.6 Short Blades
 + Level 18.8 Axes
 + Level 3.5 Throwing
 + Level 13.3 Armour
 + Level 11.9 Dodging
 + Level 6.0 Stealth
 + Level 17.1 Shields
 + Level 4.3 Evocations


You had 19 spell levels left.
You didn't know any spells.

Dungeon Overview and Level Annotations

Branches:
Dungeon (13/15)            Temple (0/1) D:5             Orc (4/4) D:11
    Elf (3/3) Orc:3          Lair (8/8) D:9           Swamp (5/5) Lair:6
 Spider (3/5) Lair:6        Slime (6/6) Lair:6       Vaults (0/5) D:13

Altars:
Ashenzari
Fedhas
Kikubaaqudgha
Makhleb
Sif Muna
Trog
Vehumet
Xom
Yredelemnul
Zin
The Shining One
Beogh

Shops:
Orc:1 (   Orc:4 (?*[   Elf:1 (   Elf:2 ?*[[!*   Elf:3 :[%:

Portals:
Trove: Elf:3 (show abyssal rune of Zot)

Annotations:
D:13 Norris
Slime:6 Royal Jelly


Innate Abilities, Weirdness & Mutations

You are partially covered in thin metallic scales (AC +2).
You tend to lose your temper in combat.
Your vision is quite blurry.
Armour fits poorly on your strangely shaped body.
You are frail (-10% HP).
Your magical capacity is very low (-20% MP).
You occasionally shout uncontrollably at your foes.
You are very weak. (Str -4)


Message History

Two slime creatures merge to form a large slime creature.
Drink which item? (? for menu, Esc to quit)
You feel better. You block the death ooze's attack.
You block the death ooze's attack. x3
The acid blob jiggles.
The acid blob spits acid at you. The splash of acid misses you.
The splash of acid misses the large slime creature.
The acid blob hits you!
* * * LOW HITPOINT WARNING * * *
You are splashed with acid!
The acid burns!
You resist.
* * * LOW HITPOINT WARNING * * *
The death ooze hits you.
* * * LOW HITPOINT WARNING * * *
The death ooze closely misses you.
Drink which item? (? for menu, Esc to quit)
You feel better.
You feel yourself slow down. The death ooze hits you!!
You die... ## .. #J ... #.## ##....
JJ#

##...... ##J# ##........ . #JJ#
##..........
.....####@#####...........
........JJJ...............
..........................
.........................
.........................
............................
............J................
..............................
...............................


You could see the royal jelly, 3 acid blobs, a large slime creature, a slime
creature and 2 death oozes.

Vanquished Creatures
  the Lernaean hydra (Swamp:5)
  A deep elf blademaster (Elf:3)
  2 deep elf master archers (Elf:3)
  12 acid blobs
  4 thorn hunters
  Rupert (D:13)
  5 azure jellies
  A ghost moth (Spider:2)
  Aizul (Swamp:5)
  7 deep elf sorcerers (Elf:3)
  6 deep elf demonologists (Elf:3)
  7 deep elf annihilators (Elf:3)
  6 dire elephants (Lair:8)
  Snorg (Spider:1)
  4 death oozes
  A minotaur (Lab)
  7 deep elf death magi
  4 deep elf high priests (Elf:3)
  Fannar (D:12)
  3 great orbs of eyes
  22 hydras
  Harold (Lair:6)
  4 alligators
  A large abomination (Elf:3)
  3 shambling mangroves
  An anaconda (Lair:8)
  14 death yaks
  2 sun demons
  3 orc high priests (Orc:4)
  3 catoblepae
  5 skeletal warriors
  8 deep elf knights
  2 unseen horrors
  An ice devil (Orc:4)
  2 orb spiders
  10 deep elf summoners
  9 swamp dragons
  3 ice statues
  2 spriggan druids
  6 orc knights
  4 hill giants
  5 lindwurms
  11 deep elf conjurers
  A griffon (Lair:5)
  A red wasp (Swamp:2)
  2 ugly things (D:13)
  A manticore (D:13)
  5 shining eyes
  5 orc sorcerers (Orc:4)
  11 wolf spiders
  7 black mambas
  23 elephants
  22 spiny frogs
  3 toenail golems (Volcano)
  Joseph (D:9)
  An orange demon (Orc:4)
  A moth of wrath (Spider:3)
  A torpor snail (Spider:2)
  5 gargoyles
  Psyche (D:8)
  A queen ant (Lair:3)
  A smoke demon (Elf:3)
  4 eyes of devastation
  4 komodo dragons
  2 fire drakes
  3 demonic crawlers (Spider:2)
  4 deep elf priests
  7 trolls
  2 two-headed ogres
  4 giant leeches
  A polar bear (Lair:7)
  12 jumping spiders
  8 ravens
  7 blink frogs
  A blink frog (shapeshifter) (Elf:2)
  A trapdoor spider zombie (D:12)
  6 bog bodies
  2 baby alligators (Swamp:1)
  10 trapdoor spiders
  80 slime creatures
  A shadow (D:13)
  32 redbacks
  2 basilisks
  21 deep elf magi
  7 tarantellas
  A wyvern (D:10)
  44 yaks
  A steam dragon (D:13)
  A hill giant zombie (D:8)
  13 golden eyes
  22 humans
  14 deep elf fighters
  8 hippogriffs
  2 fire elementals (Elf:2)
  10 spriggans
  6 hungry ghosts
  7 wargs
  51 wolves
  2 mottled dragons
  18 vampire mosquitoes
  38 swamp worms
  17 porcupines
  11 soldier ants (Lair:3)
  23 water moccasins
  13 ogres
  6 swamp drakes
  3 sky beasts
  30 orc warriors
  A black bear (D:6)
  11 spiders
  7 yellow wasps
  22 ice beasts
  A manticore zombie (D:12)
  18 crocodiles
  A boring beetle (Lair:8)
  3 necrophages
  3 big kobolds (D:10)
  Duvessa (D:8)
  13 centaurs
  11 giant frogs
  2 gnoll sergeants
  17 insubstantial wisps
  9 scorpions
  A cyclops skeleton (D:13)
  3 eyes of draining
  2 oklob saplings (D:8)
  4 wights (D:13)
  20 killer bees
  A yak skeleton (D:10)
  2 electric eels
  Dowan (D:8)
  2 centaur zombies
  7 crimson imps
  A goliath beetle (D:8)
  A quasit (D:10)
  6 hounds
  34 jellies
  A giant frog zombie (D:12)
  40 orc priests
  2 centaur skeletons
  54 worker ants
  10 iguanas
  37 orc wizards
  4 orange rats
  A two-headed ogre skeleton (D:8)
  16 sheep
  A sky beast zombie (D:12)
  A crocodile skeleton (D:9)
  A mummy (D:12)
  15 gnolls
  20 adders
  57 green rats
  A scorpion zombie (D:8)
  12 white imps (Lair:5)
  12 worms
  An adder zombie (D:5)
  3 orc zombies
  2 wandering mushrooms (D:8)
  6 giant geckos
  194 orcs
  5 giant cockroaches
  20 goblins
  25 hobgoblins
  10 jackals
  3 ball pythons
  16 bats
  5 giant newts
  4 giant spores
  A goblin skeleton (D:4)
  32 kobolds
  2 kobold skeletons
  14 quokkas
  A quokka skeleton (D:9)
  10 rats
  42 ballistomycetes
  4 briar patches
  A bush (Lair:8)
  9 crawling corpses (Elf:3)
  9 fungi
  14 plants
1775 creatures vanquished.

Vanquished Creatures (collateral kills)
  2 deep elf blademasters (Elf:3)
  An acid blob (Slime:6)
  3 deep elf sorcerers (Elf:3)
  A deep elf annihilator (Elf:3)
  A deep elf death mage (Elf:3)
  A hydra (Swamp:5)
  An orc high priest (Elf:2)
  A swamp dragon (Swamp:5)
  An ice statue (IceCv)
  A deep elf summoner (Elf:3)
  A smoke demon (Elf:3)
  An iron devil (Elf:2)
  A blue devil (Elf:3)
  A swamp drake (Swamp:5)
  An ice beast (IceCv)
  An iron imp (Elf:3)
  2 shadow imps (Elf:3)
  A crawling corpse (Elf:3)
22 creatures vanquished.

Vanquished Creatures (others)
  A deep elf annihilator (Elf:3)
  A deep troll (Elf:3)
  A troll (Swamp:5)
  A deep elf priest (Elf:2)
  A two-headed ogre (Slime:6)
  A deep elf mage (Elf:2)
  5 ogres (Elf:3)
  An orc warrior (D:11)
  2 lost souls (Elf:2)
  An orc (D:11)
  11 giant spores
  A ballistomycete (D:11)
  6 fungi
  5 plants
38 creatures vanquished.

Grand Total: 1835 creatures vanquished

Notes
Turn   | Place    | Note
--------------------------------------------------------------
     0 | D:1      | Johnny, the Human Berserker, began the quest for the Orb.
     0 | D:1      | Reached XP level 1. HP: 18/18 MP: 1/1
    70 | D:1      | Reached XP level 2. HP: 8/24 MP: 2/2
   525 | D:1      | Reached XP level 3. HP: 18/29 MP: 3/3
   827 | D:2      | Acquired Trog's second power
  1056 | D:2      | Reached XP level 4. HP: 34/36 MP: 4/4
  1177 | D:2      | Found a shattered altar of Ashenzari.
  1614 | D:3      | Noticed a centaur
  1627 | D:3      | Killed a centaur
  1627 | D:3      | Reached XP level 5. HP: 36/42 MP: 5/5
  1805 | D:3      | Reached skill level 4 in Fighting
  1829 | D:3      | Reached XP level 6. HP: 26/48 MP: 6/6
  2809 | D:4      | Found a glowing golden altar of the Shining One.
  2884 | D:4      | Reached XP level 7. HP: 36/54 MP: 7/7
  3441 | D:4      | Found a bloodstained altar of Trog.
  3465 | D:5      | Entered Level 5 of the Dungeon
  3496 | D:5      | Found a staircase to the Ecumenical Temple.
  3547 | D:5      | Acquired Trog's third power
  3583 | D:5      | Reached skill level 5 in Dodging
  3583 | D:5      | Reached XP level 8. HP: 51/61 MP: 8/8
  3659 | D:5      | Reached skill level 5 in Axes
  3677 | D:5      | Reached skill level 1 in Shields
  4293 | D:6      | Reached skill level 1 in Stealth
  4295 | D:6      | Received a gift from Trog
  4631 | D:6      | Reached skill level 1 in Throwing
  4917 | D:6      | Reached skill level 5 in Fighting
  4917 | D:6      | Reached skill level 6 in Dodging
  4917 | D:6      | Reached XP level 9. HP: 53/68 MP: 9/9
  6064 | D:7      | Reached skill level 5 in Armour
  6668 | D:7      | Reached skill level 7 in Dodging
  7261 | D:8      | Reached XP level 10. HP: 74/74 MP: 10/10
  7466 | D:8      | Reached skill level 5 in Shields
  7481 | D:8      | Found a radiant altar of Vehumet.
  7807 | D:8      | Paralysed by a yellow wasp for 2 turns
  7899 | D:8      | Noticed Duvessa
  7938 | D:8      | Received a gift from Trog
  8077 | D:8      | Noticed Dowan
  8087 | D:8      | Killed Duvessa
  8095 | D:8      | Killed Dowan
  8246 | D:8      | Found a glowing silver altar of Zin.
  8295 | D:8      | Noticed a wandering mushroom
  8478 | D:8      | Noticed a wandering mushroom
  8479 | D:8      | Found a blossoming altar of Fedhas.
  8479 | D:8      | Noticed a wandering mushroom
  8479 | D:8      | Noticed a wandering mushroom
  8745 | D:8      | Killed a wandering mushroom
  8746 | D:8      | Killed a wandering mushroom
  9295 | D:8      | Noticed Psyche
  9295 | D:8      | Found a basalt altar of Yredelemnul.
  9314 | D:8      | Found a shimmering altar of Xom.
  9314 | D:8      | Found an ancient bone altar of Kikubaaqudgha.
  9417 | D:8      | Killed Psyche
  9417 | D:8      | Reached skill level 1 in Evocations
  9625 | D:9      | Reached XP level 11. HP: 66/83 MP: 13/13
  9650 | D:9      | Noticed Joseph
  9686 | D:9      | Killed Joseph
  9753 | D:9      | Found a deep blue altar of Sif Muna.
  9875 | D:9      | Received a gift from Trog
  9875 | D:9      | Reached skill level 8 in Axes
  9879 | D:9      | Found a staircase to the Lair.
 10071 | D:10     | Entered Level 10 of the Dungeon
 10128 | D:10     | Got a vibrating silver ring
 10248 | D:10     | Identified the ring "Solab" {+Inv rPois MR+ Stlth-} (You found it on level 10 of the Dungeon)
 11463 | D:11     | Reached skill level 9 in Axes
 11490 | D:11     | Found a staircase to the Orcish Mines.
 11796 | D:11     | Found a roughly hewn altar of Beogh.
 12312 | D:11     | Received a gift from Trog
 12346 | D:11     | Noticed a four-headed hydra
 12817 | D:11     | Reached XP level 12. HP: 57/91 MP: 15/15
 13653 | D:11     | Killed a four-headed hydra
 14149 | D:12     | Noticed Fannar
 14155 | D:13     | Noticed a five-headed hydra
 14259 | D:13     | Found a gate to the Vaults.
 14266 | D:13     | Noticed Rupert
 14590 | D:13     | Noticed Norris
 14773 | D:12     | Killed Fannar
 14773 | D:12     | Reached skill level 10 in Shields
 15032 | Lair:1   | Entered Level 1 of the Lair of Beasts
 15134 | Lair:1   | Reached XP level 13. HP: 99/99 MP: 17/17
 15136 | Lair:1   | Reached skill level 10 in Axes
 15706 | Lair:1   | Received a gift from Trog
 17260 | Lair:3   | Reached skill level 11 in Shields
 18043 | Lair:3   | Received a gift from Trog
 18822 | Lair:3   | Received a gift from Trog
 19251 | Lair:3   | Reached XP level 14. HP: 99/108 MP: 18/18
 19823 | Lair:4   | Got an encrusted war axe
 19824 | Lair:4   | Identified the +2 war axe of the Depths {venom, rN+ MR+} (You found it on level 4 of the Lair of Beasts)
 19936 | Lair:4   | Found a dark tunnel.
 20037 | Volcano  | Entered a volcano
 20272 | Volcano  | Reached skill level 10 in Armour
 20724 | Lair:4   | Reached skill level 10 in Fighting
 21149 | Lair:5   | Found a frozen archway.
 21163 | Lair:5   | Received a gift from Trog
 21182 | IceCv    | Entered an ice cave
 21189 | IceCv    | Reached skill level 12 in Shields
 21652 | IceCv    | Got an encrusted triple crossbow
 21660 | IceCv    | Identified the +7 triple crossbow of Dust {velocity, +Fly rN+} (You found it in an ice cave)
 21959 | Lair:5   | Found a burning altar of Makhleb.
 23141 | Lair:5   | Received a gift from Trog
 23429 | Lair:6   | Found a staircase to the Swamp.
 23886 | Lair:6   | Received a gift from Trog
 23886 | Lair:6   | Reached XP level 15. HP: 117/117 MP: 20/20
 23909 | Lair:6   | Noticed Harold
 23923 | Lair:6   | Killed Harold
 24242 | Lair:6   | Found a staircase to the Slime Pits.
 24555 | Lair:6   | Found a hole to the Spider Nest.
 24579 | Spider:1 | Entered Level 1 of the Spider Nest
 24900 | Spider:1 | Noticed Snorg
 24916 | Spider:1 | Killed Snorg
 25024 | Spider:1 | Received a gift from Trog
 25081 | Spider:1 | Reached skill level 13 in Axes
 25801 | Spider:2 | Received a gift from Trog
 27012 | Spider:3 | Received a gift from Trog
 27871 | Spider:3 | Identified 2 scrolls of acquirement
 27894 | Spider:3 | Got a distressingly furry cloak
 27906 | Spider:3 | Identified the +2 cloak "Qatziuru" {-Cast rElec rPois MR+ Str+1 Dex+3} (You acquired it on level 3 of the Spider Nest)
 28432 | Spider:2 | Killed a ghost moth
 28988 | Lair:7   | Received a gift from Trog
 28997 | Lair:7   | Reached XP level 16. HP: 115/126 MP: 21/21
 29753 | Lair:8   | Entered Level 8 of the Lair of Beasts
 29877 | Lair:8   | Found a labyrinth entrance.
 29898 | Lab      | Entered a labyrinth
 30586 | Lair:8   | Received a gift from Trog
 30586 | Lair:8   | Reached skill level 14 in Shields
 30719 | Lair:8   | Reached skill level 10 in Dodging
 31691 | Lair:8   | Got a heavily runed glass ring
 31692 | Lair:8   | Identified the ring "Doeqye" {SustAb Str+4 Dex+1} (You found it on level 8 of the Lair of Beasts)
 32517 | Orc:1    | Entered Level 1 of the Orcish Mines
 32569 | Orc:1    | Received a gift from Trog
 32867 | Orc:1    | Found Zuizuox's Antique Weapon Shop.
 33082 | Orc:2    | Received a gift from Trog
 33095 | Orc:2    | Got a faintly glowing broad axe {god gift}
 33097 | Orc:2    | Identified the +3 broad axe "Fixoat" {chop, MR+} (Trog gifted it to you on level 2 of the Orcish Mines)
 33463 | Orc:3    | Found a roughly hewn altar of Beogh.
 33473 | Orc:3    | Received a gift from Trog
 33664 | Orc:3    | Found a staircase to the Elven Halls.
 33733 | Orc:3    | Found a bloodstained altar of Trog.
 33946 | Orc:3    | Received a gift from Trog
 33983 | Orc:4    | Entered Level 4 of the Orcish Mines
 34080 | Orc:4    | Found a roughly hewn altar of Beogh.
 34323 | Orc:4    | Reached XP level 17. HP: 85/134 MP: 22/22
 34494 | Orc:4    | Received a gift from Trog
 34594 | Orc:4    | Found Wehiat's Assorted Antiques.
 34594 | Orc:4    | Found Donut's Magic Scroll Shop.
 34595 | Orc:4    | Found Klaq's Antique Armour Emporium.
 34595 | Orc:4    | Found Friagick's Antique Weapon Emporium.
 34806 | Orc:4    | Received a gift from Trog
 34884 | Orc:4    | Received a gift from Trog
 35133 | Elf:1    | Entered Level 1 of the Elven Halls
 35231 | Elf:1    | Found a burning altar of Makhleb.
 35256 | Elf:1    | Found Tiuph's Weapon Boutique.
 35472 | Elf:1    | Reached skill level 15 in Axes
 35602 | Elf:1    | Found a glowing golden altar of the Shining One.
 35663 | Elf:1    | Received a gift from Trog
 35971 | Elf:2    | Found Soysch's Armour Shoppe.
 36008 | Elf:2    | Found Qatu's Distillery.
 36080 | Elf:2    | Reached skill level 15 in Shields
 36191 | Elf:2    | Found Qoad's Armour Boutique.
 36200 | Elf:2    | Found Baemnulu's Magic Scroll Boutique.
 36677 | Elf:2    | Found Bown's Elven Fire.
 36983 | Elf:2    | Found a radiant altar of Vehumet.
 37038 | Elf:2    | Received a gift from Trog
 37151 | Elf:2    | Found Feczodad's Assorted Antiques.
 37652 | Swamp:1  | Entered Level 1 of the Swamp
 39535 | Swamp:3  | Received a gift from Trog
 39535 | Swamp:3  | Reached XP level 18. HP: 130/143 MP: 23/23
 40306 | Swamp:4  | Reached skill level 16 in Axes
 41175 | Swamp:5  | Entered Level 5 of the Swamp
 41460 | Swamp:5  | Noticed Aizul
 41488 | Swamp:5  | Killed Aizul
 41697 | Swamp:5  | Received a gift from Trog
 41782 | Swamp:5  | Noticed the 27-headed Lernaean hydra
 41796 | Swamp:5  | Killed the 27-headed Lernaean hydra
 41847 | Swamp:5  | Got a decaying rune of Zot
 42939 | D:12     | Noticed a skeletal warrior
 42939 | D:12     | Noticed a skeletal warrior
 42939 | D:12     | Noticed a skeletal warrior
 42939 | D:12     | Noticed a skeletal warrior
 42939 | D:12     | Noticed a skeletal warrior
 42953 | D:11     | Killed a skeletal warrior
 42962 | D:12     | Killed a skeletal warrior
 42965 | D:12     | Killed a skeletal warrior
 42967 | D:12     | Killed a skeletal warrior
 42972 | D:12     | Killed a skeletal warrior
 43249 | D:13     | Killed a two-headed hydra
 43260 | D:13     | Killed Rupert
 43410 | D:13     | Reached XP level 19. HP: 142/151 MP: 24/24
 44197 | Orc:4    | Bought a runed pearl dragon armour for 3500 gold pieces
 44228 | Orc:4    | Bought a potion of agility for 57 gold pieces
 44349 | Elf:2    | Bought the ring "Uvuol" {rF+ rC+} for 546 gold pieces
 44474 | Orc:4    | Bought a scroll of silence for 90 gold pieces
 44474 | Orc:4    | Bought a scroll of enchant weapon for 90 gold pieces
 44474 | Orc:4    | Bought a scroll of teleportation for 36 gold pieces
 44474 | Orc:4    | Bought 3 scrolls of fear for 126 gold pieces
 44474 | Orc:4    | Bought a scroll of blinking for 90 gold pieces
 44777 | Elf:3    | Entered Level 3 of the Elven Halls
 44828 | Elf:3    | Found Jicac's Book Boutique.
 44849 | Elf:3    | Found Qics' Food Emporium.
 44852 | Elf:3    | Found Inorodips' Armour Boutique.
 44860 | Elf:3    | Found Phy Gyca's Book Emporium.
 44893 | Elf:3    | Found a radiant altar of Vehumet.
 44966 | Elf:3    | Found a portal to a secret trove of treasure.
 45080 | Elf:3    | Gained mutation: You occasionally shout uncontrollably at your foes. [a cacodemon]
 45085 | Elf:3    | Gained mutation: You tend to lose your temper in combat. [a cacodemon]
 45094 | Elf:3    | Gained mutation: Armour fits poorly on your strangely shaped body. [a cacodemon]
 45257 | Elf:3    | Reached skill level 17 in Axes
 45266 | Elf:3    | Received a gift from Trog
 46128 | Elf:3    | Noticed a Brimstone Fiend
 46583 | Elf:3    | Gained mutation: You are weak. (Str -2) [a cacodemon]
 46765 | Elf:3    | Got an ancient hand axe {drain}
 46812 | Elf:3    | Identified the +5 hand axe "Tiokk" {drain, rF++} (You took it off a deep elf demonologist on level 3 of the Elven Halls)
 46826 | Elf:3    | Got an encrusted long sword
 46827 | Elf:3    | Identified the +7 long sword of the Shoals {elec, Str+3} (You found it on level 3 of the Elven Halls)
 46833 | Elf:3    | Gained mutation: Your magical capacity is low (-10% MP). [mutagenic glow]
 46897 | Elf:3    | Gained mutation: Your vision is a little blurry. [mutagenic glow]
 47258 | Elf:3    | Bought the +2 hat of the Bear Spirit {Spirit, +Rage rN+ MR++} for 519 gold pieces
 47662 | Orc:4    | Bought a pair of glowing gloves for 157 gold pieces
 48184 | Slime:1  | Entered Level 1 of the Pits of Slime
 48186 | Slime:1  | Gained mutation: You are partially covered in thin metallic scales (AC +2). [a shining eye]
 48217 | Slime:1  | Reached XP level 20. HP: 160/160 MP: 23/23
 48690 | Slime:2  | Reached skill level 18 in Axes
 48803 | Slime:2  | Gained mutation: You are very weak. (Str -4) [a shining eye]
 48806 | Slime:2  | Gained mutation: You are frail (-10% HP). [a shining eye]
 49576 | Slime:4  | Gained mutation: Your magical capacity is very low (-20% MP). [mutagenic glow]
 49604 | Slime:4  | Reached skill level 15 in Fighting
 49604 | Slime:4  | Reached skill level 5 in Stealth
 50690 | Slime:5  | Received a gift from Trog
 50805 | Slime:6  | Entered Level 6 of the Pits of Slime
 50953 | Slime:6  | Gained mutation: Your vision is quite blurry. [a shining eye]
 51295 | Slime:6  | Noticed the royal jelly
 51336 | Slime:6  | HP: 6/145 [acid blob (13)]
 51336 | Slime:6  | HP: 2/145 [death ooze[the royal jelly] (2)]
 51337 | Slime:6  | Mangled by a death ooze

Action                   |  1- 3 |  4- 6 |  7- 9 | 10-12 | 13-15 | 16-18 | 19-21 || total
-------------------------+-------+-------+-------+-------+-------+-------+-------++-------
Melee: Hand axe          |    63 |   112 |   456 |  1200 |    21 |       |       ||  1852
       Short sword       |    54 |    85 |       |       |       |       |       ||   139
       Broad axe         |       |       |       |       |  1099 |  1473 |   544 ||  3116
       War axe           |       |       |       |       |   124 |   107 |   279 ||   510
       Executioner's axe |       |       |       |       |    19 |       |       ||    19
 Fire: Triple crossbow   |       |       |       |       |     5 |       |       ||     5
Throw: Tomahawk          |       |       |    55 |    14 |       |       |       ||    69
       Javelin           |       |       |       |       |       |       |     4 ||     4
Invok: Berserk           |     2 |     1 |     8 |    28 |    19 |    21 |    19 ||    98
       Trog's Hand       |       |     1 |     2 |    13 |    17 |    16 |    18 ||    67
       Burn Spellbooks   |       |       |     3 |       |     4 |     1 |     2 ||    10
       Brothers in Arms  |       |       |       |       |     1 |     4 |     9 ||    14
 Abil: Evoke Invisibilit |       |       |       |       |       |     4 |     7 ||    11
Evoke: Wand              |       |       |       |    28 |    16 |    10 |    29 ||    83
  Use: Scroll            |       |       |     8 |    13 |    32 |    11 |    25 ||    89
       Potion            |       |       |     2 |     3 |    14 |     5 |    17 ||    41
 Stab: Sleeping          |       |       |     2 |       |       |       |       ||     2
       Invisible         |       |       |       |       |     5 |     7 |    25 ||    37
       Confused          |       |       |       |       |       |     3 |       ||     3
       Distracted        |       |       |       |       |       |       |     1 ||     1
  Eat: Meat ration       |     1 |     1 |     1 |       |       |       |       ||     3
       Bread ration      |       |       |     3 |     4 |       |     1 |     6 ||    14
       Pizza             |       |       |     2 |       |       |       |       ||     2
       Chunk             |       |       |     1 |    34 |    77 |    74 |    26 ||   212
       Royal jelly       |       |       |     1 |       |       |       |     4 ||     5
       Beef jerky        |       |       |     1 |       |       |       |       ||     1
       Fruit             |       |       |       |     6 |       |       |     1 ||     7
